 Dungeon Crawl Stone Soup version 0.29.0-4-gdea44cf6ec (webtiles) character file.

Game seed: 9089302739433275674

20 qw the Sneak (level 2, -2/19 HPs)
             Began as a Gargoyle Delver on Sept 10, 2022.
             Slain by a gnoll
             ... wielding a +0 spear
              (5 damage)
             ... on level 4 of the Dungeon.
             The game lasted 00:00:08 (499 turns).

qw the Sneak (Gargoyle Delver)                       Turns: 499, Time: 00:00:09

Health: -2/19      AC:  5    Str: 15    XL:     2   Next: 79%
Magic:  2/2        EV: 11    Int: 10    God:
Gold:   25         SH:  0    Dex: 11    Spells: 1/1 levels left

rFire   . . .      SeeInvis .   a - +0 hand axe
rCold   . . .      Faith    .   (no shield)
rNeg    + . .      Spirit   .   b - +0 leather armour
rPois   inf        Reflect  .   (no helmet)
rElec   +          Harm     .   (no cloak)
rCorr   .          Rampage  .   (no gloves)
Will    .....                   (no boots)
Stlth   +++.......              (no amulet)
HPRegen 0.06/turn               (no ring)
MPRegen 0.08/turn               (no ring)

@: no status effects
A: sickness immunity, AC +2, negative energy resistance 1, electricity
resistance, torment resistance 1, petrification resistance
a: no special abilities


You were on level 4 of the Dungeon.
You visited 1 branch of the dungeon, and saw 2 of its levels.

You collected 25 gold pieces.


Innate Abilities, Weirdness & Mutations

You are immune to sickness and miasma.
Your stone body is resilient. (AC +2)
You are immune to poison.
You resist negative energy. (rN+)
You are resistant to electric shocks. (rElec)
You are resistant to unholy torment.
You are immune to petrification.


   Skills:
 - Level 3.2 Fighting
 + Level 2.9 Axes
 - Level 1.5 Dodging
 - Level 5.4 Stealth


You had one spell level left.
You didn't know any spells.
Your spell library was empty.

Inventory:

Hand Weapons
 a - a +0 hand axe (weapon)
 i - a +0 club
Armour
 b - a +0 leather armour (worn)
 c - a +0 cloak
Jewellery
 j - a ring of ice
Wands
 g - a wand of digging (3)
Scrolls
 d - a scroll of enchant armour {unknown}
 h - a scroll of brand weapon {unknown}
Potions
 e - a potion of brilliance {unknown}
 f - a potion of haste

Dungeon Overview and Level Annotations

Branches:
Dungeon (5/15)
 Temple: D:4-7

Altars:
Yredelemnul


Message History

The gnoll hits you with a +0 flail. The gnoll closely misses you.
You slash the gnoll!
The gnoll is severely wounded.
The gnoll barely misses you.
You slash the gnoll!
You kill the gnoll!
You hear the rusting of a distant drain.
You start resting.
You hear the brisk rusting of a distant drain. x2
HP restored.
A gnoll comes into view. It is wielding a +0 flail.
You see here a +0 flail.
The gnoll shouts!
You hear a shout!
A gnoll comes into view. It is wielding a +0 spear.
You hear a shout!
A ball python, a gnoll and a hobgoblin come into view.
Found 2 stones, a spear and a scroll labelled IMA ANUMERAQU.
The gnoll shouts!
The hobgoblin shouts!
The ball python hisses angrily.
The ball python moves out of view.
A phantom comes into view.
The gnoll hits you from afar with a +0 spear.
You barely miss the gnoll. The gnoll barely misses you.
The gnoll completely misses you.
You hit the gnoll but do no damage. You hit the hobgoblin. You hit the gnoll.
The hobgoblin closely misses you. The gnoll hits you with a +0 flail.
The gnoll closely misses you. x2
You barely miss the hobgoblin.
The hobgoblin is severely wounded.
You hit the gnoll. x2
The gnoll hits you from afar with a +0 spear.
The hobgoblin barely misses you. The gnoll closely misses you.
You hit the hobgoblin.
You kill the hobgoblin!
You hit the gnoll. x2
The gnoll hits you but does no damage. The gnoll barely misses you.
The gnoll closely misses you. The gnoll barely misses you.
The ball python closely misses you. The ball python misses you.
The phantom hits you.
The gnoll hits you from afar with a +0 spear.
You die...

#....#
...#########.<..#
#.........###.###
#.........# #.#
#........?# #.#
#.......).# #.#
####...g.....#
#.#
.......WS(...#
#.#
......g@g....#
#.#
........######
#.# ........# #.#
.......)#
#.#######
........####
#........
##.........#
#########
#....####.# #....
#.# #####
#.#########


You could see a phantom, 3 gnolls and a ball python.

Vanquished Creatures
  A gnoll (D:4)
  An adder (D:4)
  A giant cockroach (D:4)
  A hobgoblin (D:4)
4 creatures vanquished.

Notes
Turn   | Place    | Note
-------+----------+-------------------------------------------
     0 | D:5      | qw the Gargoyle Delver began the quest for the Orb.
     0 | D:5      | Reached XP level 1. HP: 14/14 MP: 1/1
     0 | D:5      | 0 ||| qw: Version: 0.1-a-116-g5d60599
     0 | D:5      | 0 ||| qw: Game counter: 7903
     0 | D:5      | 0 ||| qw: Always use a shield: true
     0 | D:5      | 0 ||| qw: God list: Okawaru
     0 | D:5      | 0 ||| qw: Allow faded altars: false
     0 | D:5      | 0 ||| qw: Do Orc after D:15 true
     0 | D:5      | 0 ||| qw: Do second Lair branch before Depths: true
     0 | D:5      | 0 ||| qw: Lair rune preference: random
     0 | D:5      | 0 ||| qw: Plans: Normal
     0 | D:5      | 0 ||| PLANNING D:1-11
     0 | D:5      | 0 ||| DROPPING scroll of fog.
     1 | D:5      | 1 ||| DROPPING scroll of magic mapping.
     2 | D:5      | 2 ||| DROPPING scroll of fear.
    12 | D:4      | 12 ||| PLANNING SEWER
    57 | D:4      | Reached XP level 2. HP: 10/19 MP: 2/2
   224 | D:4      | Found a basalt altar of Yredelemnul.
   494 | D:4      | Noticed a phantom
   499 | D:4      | HP: 3/19 [phantom (3)]
   499 | D:4      | Slain by a gnoll

Levels and vault maps discovered:
D:4:      layout_basic, grunt_temple_overflow_open,
          mainiacjoe_overflow_cross_hatched, minmay_temple_entry_large_hall,
          gup_sewer_entry_bubbles
D:5:      layout_basic, eat_drink_and_be_merry_uskayaw, kennysheep_mini_moat,
          lemuel_crystal_altar

Skill      XL: |  1 |
---------------+----+-----
Axes           | 2 |  2.9
Fighting       | |  3.2
Dodging        | |  1.5
Stealth        | |  5.4

Action                   || total
-------------------------++-------
Melee: Hand axe          ||    32
Armor: Leather armour    ||    15
Dodge: Dodged            ||    30

Table legend:
 A = Non-vault XP
 B = Vault XP
 C = Vault XP percentage of total XP
 D = Non-vault monster count
 E = Vault monster count
 F = Vault count percentage of total count
                 A         B        C        D         E       F
            +---------+---------+-------+---------+---------+-------
      Total |      31 |       0 |   0.0 |       4 |       0 |   0.0
            +---------+---------+-------+---------+---------+-------
        D:4 |      31 |       0 |   0.0 |       4 |       0 |   0.0
            +---------+---------+-------+---------+---------+-------
